 Dungeon Crawl Stone Soup version 0.26-a0-591-g04f19ec95a (webtiles) character file.

Game seed: 5962776207892729357

26 GeoCrane the Chopper (level 3, 33/33 HPs)
             Began as a Hill Orc Berserker on Aug 24, 2020.
             Was a Follower of Trog.
             Quit the game on level 1 of the Dungeon.
             The game lasted 00:01:52 (952 turns).

GeoCrane the Chopper (Hill Orc Berserker)            Turns: 952, Time: 00:01:53

Health: 33/33      AC:  2    Str: 20    XL:     3   Next: 8%
Magic:  3/3        EV: 12    Int:  7    God:    Trog [*.....]
Gold:   22         SH:  0    Dex: 10    Spells: 2/2 levels left

rFire    . . .     SeeInvis .   a - +0 hand axe
rCold    . . .     Faith    .   (no shield)
rNeg     . . .     Spirit   .   b - +0 animal skin
rPois    .         Reflect  .   (no helmet)
rElec    .         Harm     .   (no cloak)
rCorr    .                      (no gloves)
MR       .....                  (no boots)
Stlth    +.........             (no amulet)
HPRegen  0.11/turn              (no ring)
MPRegen  0.08/turn              (no ring)

@: no status effects
A: no striking features
a: Berserk, Renounce Religion


You were on level 1 of the Dungeon.
You worshipped Trog.
Trog was aware of your devotion.
You visited 1 branch of the dungeon, and saw 1 of its levels.

You collected 22 gold pieces.

Inventory:

Hand Weapons
 a - a +0 hand axe (weapon)
Armour
 b - a +0 animal skin (worn)
Scrolls
 c - a scroll of identify {unknown}
 e - a scroll of teleportation {unknown}
Potions
 d - a potion of mutation {unknown}
 f - a potion of brilliance {unknown}
 g - a potion of berserk rage {unknown}
 h - 2 potions of lignification {unknown}


   Skills:
 + Level 4.0 Fighting
 * Level 4.9 Axes
 + Level 2.6 Armour
 - Level 1.5 Dodging


You had 2 spell levels left.
You didn't know any spells.
Your spell library was empty.

Dungeon Overview and Level Annotations

Branches:
Dungeon (1/15)

Altars:


Message History

You hit the bat.
You kill the bat!
Trog accepts your kill.
No target in view!
No target in view!
No target in view!
A goblin comes into view. It is wielding a +0 club.
The goblin shouts!
You barely miss the goblin. The goblin hits you with a +0 club.
You hit the goblin.
You kill the goblin!
Trog accepts your kill.
No target in view!
No target in view!
No target in view!
h - 2 metallic yellow potions Done exploring.
Done exploring.
You don't know any spells.
Are you sure you want to abandon this character and quit the game? (Confirm with "yes".)

#.# #.# #.# #####.# #.# #.#
......# #.# #.# ####### #.#
#.# #.# #.# ##### #.# #.#
....### #.# ##.# #.....#
#.###########..# #.(...####
#.@.........#.## )........#
###########.#.#
#......#.#########.>.# #.#.#
#..........).........# #.#.#
#....#.#.#########.>.# #.#.#
#.#............####.#####.#.#
#.#.##########..............#
....# ################ #####


There were no monsters in sight!

Vanquished Creatures
  A dart slug (D:1)
  A leopard gecko (D:1)
  A giant cockroach (D:1)
  4 hobgoblins (D:1)
  5 bats (D:1)
  A frilled lizard (D:1)
  3 goblins (D:1)
  4 kobolds (D:1)
  3 rats (D:1)
23 creatures vanquished.

Notes
Turn   | Place    | Note
-------+----------+-------------------------------------------
     0 | D:1      | GeoCrane the Hill Orc Berserker began the quest for the
                  | Orb.
     0 | D:1      | Reached XP level 1. HP: 19/19 MP: 1/1
   120 | D:1      | Reached XP level 2. HP: 20/27 MP: 2/2
   763 | D:1      | Reached XP level 3. HP: 32/33 MP: 3/3
   952 | D:1      | Quit the game

Illustrated notes

Levels and vault maps discovered:
D:1:      minmay_arrival_doors, layout_loops_ring

Skill      XL: |  1  2 |
---------------+-------+-----
Fighting       | 4 |  4.0
Axes           | |  4.9
Armour         | |  2.6
Dodging        | |  1.5

Action                   || total
-------------------------++-------
Melee: Hand axe          ||    60
Armor: Animal skin       ||     9
Dodge: Dodged            ||    40

Table legend: (Time is in decaauts)
 A = Elapsed time spent in this place.
 B = Non-inter-level travel time spent in this place.
 C = Inter-level travel time spent in this place.
 D = Time resting spent in this place.
 E = Time spent auto-exploring this place.
 F = Levels seen in this place.
 G = Mean time per level.
                   A        B        C        D        E       F      G
               +--------+--------+--------+--------+--------+-----+--------+
         Total |    956 |    956 |      0 |      0 |    827 |   1 |  956.0 |
       Dungeon |    956 |    956 |      0 |      0 |    827 |   1 |  956.0 |
               +--------+--------+--------+--------+--------+-----+--------+

Top non-repeatable levels by time:
     D:1: 956 daAuts
